 Dungeon Crawl Stone Soup version 0.32-a0-571-gec57dfcd37 (webtiles) character file.

Game seed: 130077093228389237

1442 CougarLife the Thaumaturge (level 8, -1/41 HPs)
             Began as a Deep Elf Earth Elementalist on Mar 1, 2024.
             Slain by a white imp (3 damage)
             ... on level 5 of the Dungeon.
             The game lasted 00:07:38 (4421 turns).

CougarLife the Thaumaturge (DEEE)                   Turns: 4421, Time: 00:07:38

Health: -1/41      AC:  7    Str:  5    XL:     8   Next: 46%
Magic:  8/22       EV: 18    Int: 23    God:
Gold:   247        SH:  0    Dex: 15    Spells: 19/23 levels left

rFire   . . .        c - +0 dagger
rCold   . . .        (no shield)
rNeg    . . .        a - +0 robe
rPois   .            (no helmet)
rElec   .            (no cloak)
rCorr   .            l - +0 pair of gloves
SInv    .            (no boots)
Will    +....        j - amulet of magic regeneration
Stlth   ++           q - +5 ring of evasion
HPRegen 0.26/turn    y - +4 ring of protection
MPRegen 0.58/turn

%: no passive effects
@: mighty, brilliant, attractive, enlightened, flying
A: no striking features
a: no special abilities


You were on level 5 of the Dungeon.
You visited 1 branch of the dungeon, and saw 5 of its levels.
You also visited: Sewer.

You collected 247 gold pieces.

Inventory:

Hand Weapons
 c - a +0 dagger (weapon)
Missiles
 v - a throwing net
 C - a curare-tipped dart
Armour
 a - a +0 robe (worn)
 l - a +0 pair of gloves (worn)
Jewellery
 j - an amulet of magic regeneration (around neck)
 q - a +5 ring of evasion (left hand)
 y - a +4 ring of protection (right hand)
Scrolls
 f - a scroll of enchant armour {unknown}
 h - a scroll of noise {unknown}
 k - 3 scrolls of identify {unknown}
 m - a scroll of poison {unknown}
 o - a scroll of teleportation {unknown}
 r - 2 scrolls of revelation {unknown}
 t - a scroll of fog {unknown}
 w - 2 scrolls of enchant weapon {unknown}
 x - a scroll of immolation {unknown}
 A - 4 scrolls of vulnerability {unknown}
 B - 3 scrolls of acquirement {unknown}
Potions
 b - a potion of magic
 d - 2 potions of heal wounds {unknown}
 e - a potion of enlightenment
 g - a potion of cancellation {unknown}
 i - 2 potions of brilliance
 n - a potion of might
 p - a potion of attraction
 s - a potion of invisibility {unknown}
 u - a potion of degeneration {unknown}
 z - a potion of berserk rage {unknown}
 D - a potion of lignification {unknown}
 E - 2 potions of mutation {unknown}


   Skills:
 - Level 4.0 Dodging
 - Level 2.4 Stealth
 + Level 8.3 Spellcasting
 + Level 6.4 Conjurations
 + Level 7.1 Earth Magic


You had 19 spell levels left.
You knew the following spells:

 Your Spells              Type           Power      Damage    Failure   Level
a - Sandblast             Erth           100%       2d20      1%          1
b - Stone Arrow           Conj/Erth      100%       3d13      1%          3

Your spell library contained the following spells:

 Spells                   Type           Power      Damage    Failure   Level
 Passwall                 Erth           59%        N/A       1%          3
 Brom's Barrelling Bould  Conj/Erth      57%        2d7       4%          4
 Dazzling Flash           Conj/Hex       72%        N/A       5%          3
 Mephitic Cloud           Conj/Alch/Air  29%        N/A       9%          3
 Ensorcelled Hibernation  Hex/Ice        28%        N/A       11%         2
 Petrify                  Alch/Erth      39%        N/A       16%         4
 Fugue of the Fallen      Necr           14%        N/A       21%         3
 Anguish                  Hex/Necr       7%         N/A       56%         4
 Curse of Agony           Necr           14%        N/A       88%         5
 Silence                  Hex/Air        7%         N/A       88%         5


Dungeon Overview and Level Annotations

Branches:
Dungeon (5/15)              Sewer (visited)
 Temple: D:4-7

Altars:
Kikubaaqudgha

Shops:
D:2 [=(   D:4 *

Annotations:
D:2 1 runed translucent door, Crazy Yiuf


Message History

Press: ? - help, Shift-Dir - straight line, f/p - phantom
Aim: a phantom (severely damaged, 69% to hit)
You feel a surge of power!
The stone arrow misses the phantom.
The phantom completely misses you. The white imp completely misses you.
Casting: Stone Arrow (safe; 1% risk of failure)
Confirm with . or Enter, or press ? or * to list all spells.
Aiming: Stone Arrow (safe; 1% risk of failure)
Press: ? - help, Shift-Dir - straight line, f/p - phantom
Aim: a phantom (severely damaged, 69% to hit)
You feel a surge of power!
The stone arrow hits the phantom.
The phantom is almost destroyed.
The phantom misses you.
The sleepcap releases spores at you but does no damage.
The white imp hits you but does no damage.
Casting: Stone Arrow (safe; 1% risk of failure)
Confirm with . or Enter, or press ? or * to list all spells.
Aiming: Stone Arrow (safe; 1% risk of failure)
Press: ? - help, Shift-Dir - straight line, f/p - phantom
Aim: a phantom (almost destroyed, 69% to hit)
You feel a surge of power!
The stone arrow hits the phantom!!
You destroy the phantom!
The white imp completely misses you. The sleepcap completely misses you.
The sleepcap releases spores at you but does no damage.
Unknown command.
It was a potion of might.
You feel very mighty all of a sudden. The white imp hits you.
* * * LOW HITPOINT WARNING * * *
The white imp freezes you.
* * * LOW HITPOINT WARNING * * *
The sleepcap misses you. The sleepcap barely misses you.
It was a potion of attraction.
You feel attractive to monsters. The white imp gestures at you.
The puff of frost misses you. The sleepcap misses you.
The sleepcap completely misses you.
It was a potion of enlightenment.
You feel very buoyant.
You fly up into the air.
The white imp hits you.
You die...

#...###.#...# #
#.#.....#...# #.
#.#..(..... ##.#
#........... '#...#
#.###......#
####[....######.##......#
.......!........##......#
#........f..###.##......+
#.......f@# #.##......#
.##......5## #.##......#
..'.$.....+ #.##).....#
#...†.†.## #.........#
...#....# #...####### .#
+##..# #...# ##.# #...#
#######.####...#
...............#


You could see 2 sleepcaps and a white imp.

Vanquished Creatures
  Sigmund (D:3)
  A water moccasin (D:5)
  An ogre (D:5)
  2 phantoms
  Blork the orc (D:5)
  A kobold brigand (Sewer)
  4 scorpions
  A killer bee (D:5)
  A howler monkey (D:5)
  A bombardier beetle (D:5)
  An orc priest (D:3)
  An iguana (D:4)
  Terence (D:2)
  A sleepcap (D:5)
  Jessica (D:3)
  4 gnolls (D:3)
  12 adders
  2 river rats (Sewer)
  A white imp (D:5)
  4 adder zombies (D:2)
  An adder skeleton (D:2)
  4 dart slugs
  5 ribbon worms
  12 orcs (D:3)
  8 bats
  A bat skeleton (D:2)
  9 endoplasms
  7 giant cockroaches
  6 goblins
  4 hobgoblins
  3 jackals (D:1)
  4 quokkas
  8 ball pythons
  A ball python skeleton (D:2)
  6 frilled lizards
  A jackal zombie (D:2)
  7 kobolds
  A quokka zombie (D:2)
  7 rats
137 creatures vanquished.

Notes
Turn   | Place    | Note
-------+----------+-------------------------------------------
     0 | D:1      | CougarLife the Deep Elf Earth Elementalist began the quest
                  | for the Orb.
     0 | D:1      | Reached XP level 1. HP: 10/10 MP: 6/6
    74 | D:1      | Reached XP level 2. HP: 11/15 MP: 1/8
   345 | D:1      | Found a faded altar of an unknown god.
  1188 | D:2      | Reached XP level 3. HP: 18/19 MP: 8/10
  1286 | D:2      | Learned a level 3 spell: Stone Arrow
  1348 | D:2      | Found Uffiym Aguit's Weapon Shoppe.
  1404 | D:2      | Found Wickuyc's Jewellery Shop.
  1414 | D:2      | Found Enguen's Armour Boutique.
  1438 | D:2      | Reached XP level 4. HP: 24/24 MP: 9/11
  1440 | D:2      | Reached skill level 4 in Spellcasting
  1480 | D:2      | Found a runed translucent door.
  1481 | D:2      | Noticed Crazy Yiuf
  1681 | D:2      | Found an ancient bone altar of Kikubaaqudgha.
  2032 | D:3      | Noticed Terence
  2040 | D:2      | Killed Terence
  2134 | D:3      | Reached XP level 5. HP: 17/28 MP: 13/13
  2200 | D:3      | Noticed Sigmund
  2206 | D:3      | Killed Sigmund
  2207 | D:3      | Reached skill level 5 in Spellcasting
  2207 | D:3      | Reached XP level 6. HP: 31/32 MP: 5/15
  2379 | D:3      | Reached skill level 5 in Earth Magic
  2447 | D:3      | You fall into a shaft and drop 1 floor!
  2731 | D:3      | Noticed Jessica
  2735 | D:3      | Killed Jessica
  2818 | D:3      | Reached skill level 6 in Spellcasting
  2818 | D:3      | Reached XP level 7. HP: 17/36 MP: 10/18
  3340 | D:4      | Found Qetoimef's Assorted Antiques.
  3816 | D:5      | Entered Level 5 of the Dungeon
  3884 | D:5      | Reached skill level 5 in Conjurations
  3909 | D:5      | Found a glowing drain.
  3922 | Sewer    | Entered a sewer
  3989 | Sewer    | Reached skill level 7 in Spellcasting
  4205 | D:5      | Reached XP level 8. HP: 13/41 MP: 17/21
  4364 | D:5      | Noticed Blork the orc
  4366 | D:5      | Killed Blork the orc
  4414 | D:5      | Reached skill level 8 in Spellcasting
  4419 | D:5      | HP: 1/41 [white imp (4)]
  4421 | D:5      | Slain by a white imp

Illustrated notes

Levels and vault maps discovered:
D:1:      roadster_arrival_rocket_large, layout_loops_ring,
          basic_ecumenical_altar, st_stairs_12, minmay_misc_feat_doors
D:2:      layout_basic, basic_altar, serial_shops,
          nicolae_shop_pleasant_corner_grove, nicolae_diamond_shop, shop,
          serial_undead, serial_undead_c, serial_undead_a, serial_undead_d,
          serial_undead_a, serial_undead_b, serial_undead_d, item_on_display_a,
          uniq_crazy_yiuf_cottage
D:3:      layout_rooms, uniq_terence, uniq_jessica, uniq_sigmund
D:4:      layout_layer_cave, serial_shops, shop
D:5:      black_bear_nest_1, layout_basic, portal_sewer_entry_f, serial_shops,
          shop, serial_bayou_pond_e, minmay_pentangle, uniq_edmund,
          uniq_blork_the_orc

Skill      XL: |  1  2  3  4  5  6  7  8 |
---------------+-------------------------+-----
Conjurations   | 2 3 4 5 6 |  6.4
Dodging        | 3 4 |  4.0
Earth Magic    | 4 5 6 7 |  7.1
Spellcasting   | 4 5 6 7 8 |  8.3
Stealth        | |  2.4

Action                     |  1- 3 |  4- 6 |  7- 9 || total
---------------------------+-------+-------+-------++-------
  Melee: Dagger            |     1 |       |       ||     1
   Cast: Sandblast         |    57 |    70 |    59 ||   186
         Stone Arrow       |       |     8 |    20 ||    28
    Use: Potion            |       |       |     4 ||     4
 Armour: Robe              |    16 |    16 |    18 ||    50
  Dodge: Dodged            |    25 |    14 |    51 ||    90

Table legend: (Time is in decaauts)
 A = Elapsed time spent in this place.
 B = Non-inter-level travel time spent in this place.
 C = Inter-level travel time spent in this place.
 D = Time resting spent in this place.
 E = Time spent auto-exploring this place.
 F = Levels seen in this place.
 G = Mean time per level.
                   A        B        C        D        E       F      G
               +--------+--------+--------+--------+--------+-----+--------+
         Total |   4572 |   4381 |    191 |    708 |   2770 |   6 |  762.0 |
       Dungeon |   4290 |   4099 |    191 |    708 |   2585 |   5 |  858.0 |
         Sewer |    282 |    282 |      0 |      0 |    184 |   1 |  282.0 |
               +--------+--------+--------+--------+--------+-----+--------+

Top non-repeatable levels by time:
     D:1: 1190 daAuts
     D:4: 1109 daAuts
     D:2: 951 daAuts
     D:3: 684 daAuts
     D:5: 353 daAuts
   Sewer: 282 daAuts
